 Dungeon Crawl Stone Soup version 0.23.1 (webtiles) character file.

Game seed: 2968930280939039724

37 Quaira the Insei (level 3, 0/23 HPs)
             Began as an Octopode Transmuter on Mar 3, 2019.
             Slain by Grinder (11 damage)
             ... while paralysed by Grinder
             ... on level 3 of the Dungeon.
             The game lasted 00:08:51 (2315 turns).

Quaira the Insei (Octopode Transmuter)              Turns: 2315, Time: 00:08:52

Health: 0/23       AC:  1    Str: 10    XL:     3   Next: 39%
Magic:  5/6        EV:  2    Int: 15    God:
Gold:   86         SH:  0    Dex: 12    Spells: 5/6 levels left

rFire    . . .     SeeInvis .     - Unarmed
rCold    . . .     Gourm    .   i - -1 shield (curse)
rNeg     . . .     Faith    .   (helmet restricted)
rPois    .         Spirit   .   (no amulet)
rElec    .         Reflect  .   (no ring)
rCorr    .         Harm     .   (no ring)
MR       .....                  (no ring)
Stlth    ++........             (no ring)
HPRegen  0.07/turn              (no ring)
MPRegen  0.10/turn              (no ring)
                                (no ring)
                                (no ring)

@: paralysed, appendage (expiring)
A: almost no armour, stealthy swim, amphibious, 8 rings, constrict 8, tentacle
spike 3, camouflage 1, gelatinous body 1
a: End Transformation


You were on level 3 of the Dungeon.
You were not hungry.
One of your tentacles had a temporary spike.
You visited 1 branch of the dungeon, and saw 3 of its levels.

You collected 86 gold pieces.

Inventory:

Hand Weapons
 b - a +0 hunting sling
Missiles
 g - 74 stones (quivered)
Armour
 i - a cursed -1 shield (worn)
Scrolls
 a - a scroll of enchant weapon {unknown}
 d - 4 scrolls of identify {unknown}
 f - 2 scrolls of remove curse {unknown}
 o - a scroll of enchant armour {unknown}
 p - a scroll of blinking {unknown}
Potions
 e - a potion of haste {unknown}
 h - a potion of cancellation {unknown}
 j - a potion of heal wounds {unknown}
 k - a potion of invisibility {unknown}
 l - a potion of degeneration {unknown}
 m - a potion of magic {unknown}
 q - a potion of mutation {unknown}
Comestibles
 c - 4 rations
 n - a chunk of flesh


   Skills:
 + Level 1.5 Fighting
 - Level 2.2 Dodging
 + Level 3.5 Unarmed Combat
 + Level 2.2 Spellcasting
 + Level 2.3 Transmutations


You had 5 spell levels left.
You knew the following spells:

 Your Spells              Type           Power        Failure   Level  Hunger
a - Beastly Appendage     Tmut           #.....       52%         1    #......

Your spell library contained the following spells:

 Spells                   Type           Power        Failure   Level  Hunger
 Sticks to Snakes         Tmut           #.......     65%         2    ###....
 Spider Form              Tmut/Pois      #.........   96%         3    ###....
 Ice Form                 Ice/Tmut       #.......     100%        4    #####..
 Blade Hands              Tmut           #.........   100%        5    ######.


Dungeon Overview and Level Annotations

Branches:
Dungeon (3/15)

Altars:

Annotations:
D:3 Grinder


Innate Abilities, Weirdness & Mutations

You cannot wear most types of armour.
You are very stealthy in the water. (Stealth+)
You are amphibious.
You can wear up to eight rings at the same time.
You can use your tentacles to constrict eight enemies at once.
Your skin changes colour to match your surroundings (Stealth+).
Your rubbery body absorbs attacks. (AC +1, EV +1)
One of your tentacles bears a large vicious spike.


Message History

Found a chain mail.
Things that are here:
11 gold pieces; a leopard gecko corpse
There is an open door here.
You see here a frilled lizard corpse.
You barely miss Grinder. You grab Grinder.
You pierce Grinder, but do no damage.
You squeeze Grinder!
Grinder is lightly wounded.
Your transformation is almost over.
You constrict Grinder.
Grinder struggles to blink free from constriction.
You tentacle-slap Grinder.
You pierce Grinder, but do no damage.
You squeeze Grinder, but do no damage.
Grinder is moderately wounded.
You constrict Grinder. Grinder gestures at you.
You suddenly lose the ability to move!
You lose your grip on Grinder.
Grinder hits you.
You writhe in agony.
Grinder hits you!
You die...

. ####### ..
#.....# ...
#.###.#########
.... #@#
#........[#
.[... #5#
#########.#
......##o##
#......#.#
...o.b.$..#
#.####.#.#
##........#
#.#..#.#.#
.o...%..>.#
#.#..#)#.#
##....o...#
#.#.<#.#.#
#........#
#.##.#.#.#
##########
#.#..#.#.#


You could see Grinder and 2 orcs.

Vanquished Creatures
  2 dart slugs
  2 leopard geckos
  5 goblins
  3 hobgoblins
  6 kobolds
  5 bats
  4 frilled lizards
  3 rats
30 creatures vanquished.

Notes
Turn   | Place    | Note
-------+----------+-------------------------------------------
     0 | D:1      | Quaira the Octopode Transmuter began the quest for the Orb.
     0 | D:1      | Reached XP level 1. HP: 13/13 MP: 3/3
   203 | D:1      | Reached XP level 2. HP: 16/18 MP: 5/5
  1416 | D:2      | Reached XP level 3. HP: 14/23 MP: 6/6
  2296 | D:3      | Noticed Grinder
  2313 | D:3      | Paralysed by Grinder for 4 turns
  2315 | D:3      | Slain by Grinder

Action                   || total
-------------------------++-------
Melee: Unarmed           ||    70
       Constrict         ||    21
       Tentacles         ||    10
       Punch             ||     3
       Kick              ||     2
 Cast: Beastly Appendage ||     1
 Stab: Sleeping          ||     5
  Eat: Chunk             ||     4
Armor: Skin              ||    10
Dodge: Dodged            ||    42
Block: Shield            ||     6
